 Dungeon Crawl Stone Soup version 0.29.1-1-gd02db6906a (webtiles) character file.

Game seed: 16874496303480689005

1309 MisterFreud the Twirler (level 8, -3/61 HPs)
             Began as a Formicid Gladiator on Oct 10, 2022.
             Slain by a troll (shapeshifter) (12 damage)
             ... on level 10 of the Dungeon.
             The game lasted 00:08:47 (6562 turns).

MisterFreud the Twirler (Formicid Gladiator)        Turns: 6562, Time: 00:08:48

Health: -3/61      AC: 25    Str: 21    XL:     8   Next: 88%
Magic:  17/17      EV:  9    Int:  8    God:
Gold:   385        SH:  0    Dex: 15    Spells: 7/7 levels left

rFire   . . .      SeeInvis +   a - +0 quarterstaff (protect)
rCold   . . .      Faith    .   (no shield)
rNeg    . . .      Spirit   .   p - +3 chain mail {rPois}
rPois   +          Reflect  .   (helmet unavailable)
rElec   .          Harm     .   (no cloak)
rCorr   .          Rampage  .   e - +0 pair of gloves
Will    .....                   (no boots)
Stlth   ..........              (no amulet)
HPRegen 0.20/turn               n - +4 ring of protection
MPRegen 0.15/turn               j - ring of magical power

@: under a protective aura
A: permanent stasis, dig shafts and tunnels, antennae 3, four strong arms
a: Dig, Shaft Self


You were on level 10 of the Dungeon.
You visited 1 branch of the dungeon, and saw 7 of its levels.

You collected 385 gold pieces.

Inventory:

Hand Weapons
 a - a +0 quarterstaff of protection (weapon)
Missiles
 c - 4 throwing nets
 m - 3 atropa-tipped darts
 u - 5 poisoned darts (quivered)
Armour
 b - a +1 leather armour
 e - a +0 pair of gloves (worn)
 p - a +3 chain mail of poison resistance (worn)
Jewellery
 j - a ring of magical power (right hand)
 n - a +4 ring of protection (left hand)
 t - a +6 ring of intelligence
Wands
 v - a wand of quicksilver (7)
Scrolls
 g - a scroll of amnesia
 i - a scroll of magic mapping
 l - a scroll of teleportation
 q - 2 scrolls of fog
 s - 3 scrolls of poison
 w - a scroll of enchant armour
Potions
 f - a potion of magic
 h - a potion of heal wounds
 k - a potion of curing
 o - a potion of attraction
 r - a potion of lignification


   Skills:
 + Level 4.8 Fighting
 + Level 7.2 Staves
 - Level 5.0 Throwing
 - Level 5.0 Armour
 - Level 2.6 Dodging


You had 7 spell levels left.
You didn't know any spells.
Your spell library contained the following spells:

 Spells                   Type           Power      Damage    Failure   Level
 Foxfire                  Conj/Fire      0%         2x1d4     98%         1
 Freeze                   Ice            0%         1d3       98%         1
 Conjure Flame            Conj/Fire      0%         6-21      100%        3
 Frozen Ramparts          Ice            0%         1d1       100%        3
 Inner Flame              Hex/Fire       0%         N/A       100%        3
 Summon Guardian Golem    Hex/Summ       0%         N/A       100%        3
 Flame Wave               Conj/Fire      0%         2d4       100%        4
 Hailstorm                Conj/Ice       0%         3d3       100%        4
 Orb of Destruction       Conj           0%         9d5       100%        7
 Spellforged Servitor     Conj/Summ      0%         N/A       100%        7


Dungeon Overview and Level Annotations

Branches:
Dungeon (5/15)
 Temple: D:4-7

Altars:
Cheibriados

Annotations:
D:5 Pikel


Innate Abilities, Weirdness & Mutations

You cannot be hasted, slowed, berserked, paralysed or teleported.
You can dig through walls and to a lower floor.
You have a pair of large antennae on your head. (SInv)
Your four strong arms can wield two-handed weapons with a shield.


Message History

You sock the troll!
The troll is heavily wounded.
The troll closely misses you. The troll barely misses you.
The troll claws you but does no damage.
Unknown command.
You hit the troll.
The troll is severely wounded.
The troll bites you!
* * * LOW HITPOINT WARNING * * *
The troll claws you but does no damage. The troll closely misses you.
Unknown command.
You hit the troll.
The troll is severely wounded.
The troll completely misses you.
The troll claws you but does no damage. x2
You feel much better. The troll bites you. The troll barely misses you. x2
Unknown command.
You hit the troll but do no damage.
The troll is heavily wounded.
The troll bites you! The troll claws you. The troll barely misses you.
Unknown command.
You sock the troll!
The troll is almost dead.
The troll bites you but does no damage. The troll closely misses you.
The troll claws you but does no damage.
You hit the troll but do no damage.
The troll is almost dead.
The troll closely misses you.
The troll claws you but does no damage. x2
Unknown command.
You hit the troll but do no damage.
The troll is severely wounded.
The troll bites you but does no damage.
The troll claws you but does no damage. x2
You closely miss the troll.
The troll is severely wounded.
The troll bites you. The troll barely misses you. The troll claws you!
* * * LOW HITPOINT WARNING * * *
Unknown command.
You thump the troll!
The troll is almost dead.
The troll bites you!
You die...

#........# #........#
#.[......# #........#
#........# #........#
#........#
#........#########..
#..ยง(....(T@......(#
#........###########
##########


You could see a troll shaped shifter.

Vanquished Creatures
  A water moccasin (D:8)
  An ice beast (D:5)
  A sky beast (D:8)
  A centaur (D:5)
  A lemure (D:5)
  3 phantoms
  A scorpion (D:4)
  A bullfrog (D:8)
  2 hounds (D:5)
  5 orc priests
  3 jellies
  A gnoll bouda (D:4)
  Jessica (D:2)
  An iguana (D:4)
  An orc wizard (D:8)
  4 adders
  4 gnolls (D:4)
  5 worms
  6 dart slugs
  16 orcs
  6 ball pythons
  10 endoplasms
  5 giant cockroaches
  10 goblins
  7 hobgoblins
  2 jackals (D:4)
  5 kobolds
  3 quokkas
  5 bats
  8 frilled lizards
  2 rats
122 creatures vanquished.

Notes
Turn   | Place    | Note
-------+----------+-------------------------------------------
     0 | D:1      | MisterFreud the Formicid Gladiator began the quest for the
                  | Orb.
     0 | D:1      | Reached XP level 1. HP: 16/16 MP: 1/1
    71 | D:1      | Reached XP level 2. HP: 6/22 MP: 2/2
   540 | D:1      | Reached skill level 4 in Staves
   540 | D:1      | Reached XP level 3. HP: 25/27 MP: 3/3
  1150 | D:1      | Reached XP level 4. HP: 33/33 MP: 4/4
  1273 | D:2      | Found a snail-covered altar of Cheibriados.
  1442 | D:2      | Noticed Jessica
  1450 | D:2      | Killed Jessica
  2084 | D:2      | Reached skill level 5 in Staves
  2084 | D:2      | Reached XP level 5. HP: 34/38 MP: 5/5
  2273 | D:3      | Found a faded altar of an unknown god.
  2369 | D:3      | You fall into a shaft and drop 1 floor!
  2856 | D:3      | Identified the +4 sling "Bousauci" {freeze, *Slow rF+ rN+
                  | Str+6}
  3418 | D:4      | Reached skill level 1 in Armour
  3418 | D:4      | Reached XP level 6. HP: 26/44 MP: 6/6
  3601 | D:4      | Reached skill level 6 in Staves
  3610 | D:4      | Reached XP level 7. HP: 46/50 MP: 7/7
  4331 | D:4      | You fall into a shaft and drop 1 floor!
  4331 | D:5      | Entered Level 5 of the Dungeon
  4803 | D:5      | Reached skill level 5 in Throwing
  5057 | D:5      | Reached skill level 5 in Armour
  5057 | D:5      | Reached XP level 8. HP: 57/57 MP: 8/8
  5663 | D:5      | Noticed Pikel
  5679 | D:5      | You fall into a shaft and drop 3 floors!
  6150 | D:8      | Reached skill level 7 in Staves
  6239 | D:8      | Noticed a deep elf pyromancer
  6240 | D:8      | Noticed a skeletal warrior
  6269 | D:8      | You fall into a shaft and drop 2 floors!
  6269 | D:10     | Entered Level 10 of the Dungeon
  6521 | D:10     | Noticed a raiju
  6550 | D:10     | Noticed a troll
  6550 | D:10     | a raiju changed into a troll
  6562 | D:10     | Slain by a troll (shapeshifter)

Illustrated notes

Levels and vault maps discovered:
D:1:      shiori_arrival_maze, layout_rooms, minmay_tromino_v4_c
D:2:      layout_basic, basic_altar, uniq_jessica
D:3:      layout_loops_ring, hellmonk_ecumenical_altar_pennies_from_heaven
D:4:      layout_loops_ring, cheibrodos_sewer_entry_bend,
          dreamdust_wishing_well, minmay_puff
D:5:      wander_river, layout_cave_pods, hangedman_decor_clover_reticule,
          nrook_campfire, kennysheep_small_square, uniq_pikel
D:8:      hangedman_cross_stitches, layout_basic, mainiacjoe_overflow_brackets,
          nicolae_ossuary_entry_giza, minmay_misc_feat_five
D:10:     layout_roguey [special_room_orc], grunt_temple_overflow_open

Skill      XL: |  1  2  3  4  5  6  7  8 |
---------------+-------------------------+-----
Staves         | 4 5 6 7 |  7.2
Throwing       | 3 5 |  5.0
Armour         | 1 2 5 |  5.0
Fighting       | 4 |  4.8
Dodging        | |  2.6

Action                   |  1- 3 |  4- 6 |  7- 9 || total
-------------------------+-------+-------+-------++-------
Melee: Quarterstaff      |   100 |   138 |   263 ||   501
       Punch             |     1 |       |     2 ||     3
Throw: Javelin           |       |       |     7 ||     7
       Dart              |       |       |     1 ||     1
 Abil: Shaft Self        |       |       |     3 ||     3
  Use: Scroll            |     2 |     7 |     7 ||    16
       Potion            |       |       |     3 ||     3
 Stab: Sleeping          |       |     1 |       ||     1
Armor: Leather armour    |    30 |    28 |       ||    58
       Chain mail        |       |    25 |   182 ||   207
Dodge: Dodged            |    79 |    67 |   113 ||   259
